Map: 카탈리스트 - 래더

Players

soO - Winner!

  • Race: Zerg Zerg
  • League: Master
  • Spawn Location: 5:00

Bunny

  • Race: Terran Terran
  • League: Diamond
  • Spawn Location: 11:00

Event: HomeStory Cup XVII

VOD

Have the link to the VOD?

Description

Time

  • Played on: June 30, 2018, 1 p.m.
  • Length: 15:14

All games in this series

Show
View Real Time Build Order
Export as new Build Order

soO Zerg - Winner!

Build Orders: Pool First, Brood Lord Corruptor, Roach Hydra 

Get SALT Encoding   

  12  0:00  Drone  
  13  0:12  Overlord  
  13  0:16  Drone  
  14  0:30  Drone x2  
  14  0:34  Drone  
  17  0:43  Extractor  
  17  0:44  Drone  
  17  0:49  Spawning Pool  
  16  0:55  Drone  
  17  1:06  Drone  
  18  1:18  Hatchery  
  18  1:22  Drone  
  18  1:36  Zergling x2, Queen  
  21  1:44  Metabolic Boost  
  21  1:50  Overlord  
  21  1:54  Drone  
  22  2:08  Drone  
  22  2:12  Queen  
  22  2:14  Drone  
  26  2:23  Drone  
  27  2:30  Drone, Queen  
  27  2:32  Zergling x2  
  31  2:41  Zergling x2  
  31  2:44  Drone x2  
  34  2:47  Overlord  
  34  2:52  Drone  
  34  2:57  Drone  
  35  3:07  Drone x2  
  35  3:12  Hatchery  
  36  3:15  Drone x2  
  36  3:19  Drone x3  
  41  3:22  Drone  
  41  3:25  Overlord  
  42  3:27  Drone  
  42  3:33  Overlord  
  43  3:41  Roach Warren  
  43  3:42  Drone  
  43  3:45  Drone x2  
  43  3:47  Queen  
  47  3:49  Drone  
  48  3:57  Drone x3  
  48  3:59  Extractor  
  50  4:03  Overlord  
  50  4:07  Zergling x4  
  52  4:12  Overlord  
  52  4:16  Overlord  
  52  4:28  Roach x6  
  63  4:33  Roach x3  
  63  4:35  Zergling x2  
  63  4:36  Zergling x2  
  70  4:41  Zergling x2  
  71  4:51  Zergling x4  
  73  4:53  Ravager  
  73  4:54  Ravager  
  73  4:56  Zergling x2, Roach x2  
  73  4:57  Extractor  
  79  5:01  Zergling x2  
  79  5:07  Overlord, Drone  
  80  5:08  Drone x2  
  80  5:09  Drone x2  
  80  5:11  Drone  
  83  5:15  Drone  
  83  5:18  Lair  
  83  5:19  Drone  
  83  5:20  Drone  
  82  5:22  Queen  
  82  5:24  Drone  
  82  5:25  Spore Crawler  
  82  5:26  Spore Crawler, Drone  
  80  5:29  Drone x2  
  80  5:30  Drone  
  80  5:33  Spore Crawler  
  79  5:35  Zergling x4  
  79  5:40  Drone  
  80  5:42  Queen  
  80  5:50  Zergling x4  
  80  5:52  Drone  
  80  5:54  Drone x4  
  85  6:00  Drone x2  
  85  6:02  Drone x2  
  85  6:04  Drone x2  
  81  6:05  Drone  
  81  6:09  Drone  
  81  6:10  Drone  
  73  6:12  Drone  
  73  6:16  Roach x2  
  73  6:17  Overseer  
  73  6:18  Glial Reconstitution  
  75  6:24  Roach x3  
  81  6:30  Roach  
  81  6:31  Roach x2  
  87  6:35  Overlord  
  86  6:43  Overlord  
  86  6:44  Extractor  
  86  6:45  Drone x3  
  86  6:46  Hydralisk Den, Drone  
  88  6:50  Drone x2  
  90  6:55  Drone x2  
  90  6:56  Infestation Pit, Drone x2  
  90  6:57  Extractor, Drone  
  90  6:58  Extractor  
  90  7:00  Drone  
  93  7:03  Evolution Chamber x2  
  91  7:15  Spore Crawler  
  90  7:20  Drone x2  
  90  7:22  Overlord  
  92  7:30  Hatchery, Drone x3  
  92  7:31  Zerg Missile Weapons Level 1, Zerg Ground Armor Level 1  
  92  7:33  Hive, Grooved Spines  
  94  7:38  Hydralisk x3  
  94  7:43  Hydralisk x2  
  104  7:53  Queen  
  104  7:56  Hydralisk  
  104  7:57  Hydralisk x3  
  114  8:04  Hydralisk x3  
  120  8:10  Overlord  
  120  8:11  Overlord  
  120  8:14  Overlord  
  120  8:16  Overlord  
  120  8:23  Overlord  
  120  8:24  Overlord x2  
  120  8:31  Overseer  
  120  8:38  Spire  
  119  8:42  Drone x8  
  119  8:43  Drone x2  
  119  8:45  Muscular Augments  
  119  8:48  Roach x5  
  139  8:51  Viper  
  139  8:54  Extractor  
  141  8:58  Extractor  
  139  9:09  Drone x2  
  141  9:11  Spore Crawler  
  141  9:14  Viper  
  143  9:28  Roach  
  143  9:29  Roach x9  
  159  9:33  Zerg Missile Weapons Level 2  
  159  9:35  Drone x3  
  146  9:53  Roach x11  
  146  9:54  Greater Spire, Overlord, Roach  
  146  9:59  Roach x2  
  175  10:00  Roach  
  170  10:15  Spine Crawler x2, Drone x4  
  170  10:19  Overlord x2  
  172  10:36  Hydralisk x2  
  172  10:37  Hydralisk x8  
  192  10:44  Overlord  
  192  10:46  Hatchery  
  185  11:15  Corruptor x8  
  183  11:18  Viper x2  
  163  11:28  Drone x7  
  166  11:44  Hydralisk x3  
  166  11:45  Roach x4  
  180  11:50  Extractor  
  180  11:51  Overlord  
  180  11:52  Spine Crawler  
  180  11:53  Extractor  
  177  11:59  Spine Crawler  
  173  12:25  Brood Lord x5  
  173  12:27  Brood Lord  
  173  12:28  Brood Lord x2  
  189  12:31  Corruptor x2  
  193  12:40  Drone x3  
  193  12:42  Corruptor x2  
  190  13:11  Drone x3  
  190  13:12  Drone x2  
  193  13:13  Corruptor x3  
  193  13:18  Hatchery  
  193  13:19  Drone x2  
  199  14:13  Unknown  
  199  14:14  Unknown  
  156  14:28  Hydralisk  
  156  14:29  Hydralisk x12  
  162  14:34  Hydralisk x8  
  145  14:48  Hydralisk  
  145  14:49  Hydralisk x5  
  145  14:50  Roach x3  
  161  15:00  Drone x3  
  161  15:01  Drone x2  
Show
View Real Time Build Order
Export as new Build Order

Bunny Terran 

Build Orders: Reaper Expand, Hellion Banshee, Mech 

Get SALT Encoding   

  12  0:00  SCV  
  13  0:12  SCV  
  14  0:17  Supply Depot  
  14  0:25  SCV  
  15  0:38  SCV  
  15  0:40  Barracks  
  16  0:44  Refinery  
  16  0:50  SCV  
  17  1:03  SCV  
  18  1:15  SCV  
  19  1:27  Orbital Command, Reaper  
  20  1:42  Command Center  
  20  1:52  SCV  
  21  1:54  Supply Depot  
  21  1:59  Marine  
  22  2:04  SCV  
  23  2:10  Factory  
  23  2:16  SCV  
  23  2:22  Barracks Reactor  
  24  2:24  Refinery  
  24  2:28  SCV  
  25  2:40  SCV  
  26  2:53  SCV  
  26  2:55  Starport  
  27  3:00  Orbital Command  
  27  3:05  SCV, Hellion x2  
  32  3:12  Barracks Tech Lab  
  32  3:17  SCV  
  35  3:27  SCV, Hellion x2  
  35  3:29  SCV  
  37  3:37  Supply Depot  
  37  3:39  Banshee, Cloaking Field  
  37  3:40  SCV  
  41  3:43  SCV  
  41  3:48  Hellion  
  43  3:52  Hellion  
  43  3:53  SCV  
  46  3:59  SCV  
  46  4:00  Supply Depot  
  47  4:05  SCV  
  47  4:09  Cyclone  
  51  4:11  SCV  
  51  4:16  Hellion  
  54  4:22  Banshee, SCV  
  54  4:23  SCV  
  59  4:26  Supply Depot  
  59  4:34  SCV  
  59  4:35  SCV  
  59  4:37  Armory  
  61  4:48  Hellion x2  
  61  4:49  Supply Depot, SCV x2  
  67  4:59  Command Center  
  67  5:05  Banshee  
  70  5:08  SCV  
  70  5:10  SCV  
  70  5:14  Hellion x2  
  70  5:23  SCV  
  70  5:24  SCV  
  68  5:34  Refinery  
  68  5:35  Refinery, Factory x2  
  68  5:36  Hellion x2  
  72  5:48  Banshee  
  75  5:52  SCV  
  75  5:53  SCV  
  76  5:59  Supply Depot  
  76  6:03  Hellion  
  69  6:05  Hellion  
  69  6:07  SCV x2  
  66  6:14  Barracks Tech Lab  
  66  6:17  Supply Depot  
  66  6:18  Terran Vehicle Weapons Level 1  
  66  6:19  SCV x2  
  68  6:29  Supply Depot  
  68  6:30  Hellion x6  
  68  6:31  Orbital Command, SCV  
  68  6:32  SCV  
  70  6:43  SCV  
  70  6:44  SCV  
  70  6:46  Siege Tank x2  
  76  6:52  Starport Reactor  
  72  6:56  SCV x2  
  72  6:58  Orbital Command  
  74  7:03  Supply Depot  
  74  7:08  Engineering Bay, SCV x2  
  76  7:09  Armory  
  73  7:20  Thor, SCV x2  
  73  7:22  Supply Depot  
  81  7:24  Thor  
  81  7:27  SCV  
  88  7:32  SCV x2  
  88  7:36  Hellion  
  88  7:37  Hellion  
  94  7:39  SCV  
  94  7:43  Refinery  
  95  7:44  SCV x2  
  95  7:51  SCV  
  98  7:54  Medivac x2  
  98  7:57  Refinery, SCV x2  
  104  8:00  Supply Depot  
  104  8:01  Supply Depot, Terran Vehicle And Ship Armor Level 1  
  104  8:03  SCV  
  104  8:04  Supply Depot  
  105  8:08  Siege Tank  
  105  8:09  SCV x2  
  110  8:14  Supply Depot  
  110  8:15  Siege Tank, SCV  
  110  8:16  Hellion x2  
  118  8:21  SCV x2  
  118  8:26  Terran Vehicle Weapons Level 2  
  120  8:27  SCV  
  120  8:31  Supply Depot  
  121  8:35  SCV x2  
  121  8:39  SCV  
  121  8:40  Supply Depot  
  124  8:44  Factory  
  124  8:45  Factory  
  124  8:47  Hellion x2  
  128  8:52  SCV x3  
  131  8:57  Supply Depot  
  131  8:58  Siege Tank  
  134  9:03  Siege Tank  
  134  9:07  Supply Depot  
  137  9:12  Hellion x2  
  137  9:15  Missile Turret  
  141  9:19  Viking x2  
  143  9:30  Siege Tank  
  146  9:34  Hellion x2  
  146  9:35  Supply Depot, Command Center  
  150  9:38  Supply Depot  
  150  9:39  Factory Tech Lab  
  150  9:40  Factory Reactor  
  145  9:49  Siege Tank  
  148  9:53  Infernal Pre-Igniter  
  148  9:55  Hellion x2  
  150  10:02  Siege Tank x2, Viking  
  154  10:07  Viking  
  154  10:14  Missile Turret  
  154  10:15  Terran Vehicle And Ship Armor Level 2  
  154  10:16  Hellion  
  154  10:17  Hellion  
  161  10:21  Siege Tank  
  161  10:22  Hellion x2  
  161  10:27  Sensor Tower  
  165  10:34  Siege Tank  
  168  10:38  Hellion x2  
  168  10:42  Siege Tank  
  175  10:43  Hellion x2  
  175  10:44  Viking  
  181  10:54  Viking  
  183  11:01  Siege Tank  
  183  11:03  Hellion x2  
  190  11:04  Hellion  
  190  11:11  Siege Tank  
  176  11:14  Siege Tank  
  138  11:21  Hellion  
  138  11:24  Hellion x2  
  120  11:26  Viking, Hellion  
  121  11:33  Siege Tank  
  121  11:35  Factory  
  124  11:42  Hellion  
  124  11:45  Command Center  
  124  11:46  Hellion x2  
  130  11:47  Hellion  
  130  11:48  Factory  
  130  11:53  Cyclone  
  135  12:02  Cyclone  
  135  12:03  Hellion  
  135  12:05  Cyclone  
  135  12:06  Hellion  
  135  12:07  Hellion x2  
  147  12:08  Hellion  
  145  12:21  Factory Tech Lab  
  139  12:25  Cyclone x2  
  139  12:28  Cyclone  
  139  12:29  Command Center  
  148  12:30  Viking  
  148  12:33  Cyclone  
  148  12:34  Rapid Fire Launchers  
  153  12:44  Cyclone  
  153  12:45  Cyclone  
  151  12:51  Cyclone  
  154  13:01  Cyclone  
  154  13:04  Cyclone  
  156  13:07  Viking  
  156  13:10  Hellion x4  
  158  13:17  Hellion x2  
  158  13:19  Viking  
  164  13:23  Cyclone  
  167  13:31  Cyclone, Hellion x2  
  176  13:35  Sensor Tower  
  176  13:39  Viking  
  178  13:43  Orbital Command  
  178  13:46  Refinery  
  178  13:48  Hellion  
  180  13:50  Planetary Fortress  
  178  13:58  Hellion x2  
  178  14:02  Viking  
  184  14:07  Refinery  
  184  14:08  Hellion  
  186  14:10  Sensor Tower  
  186  14:16  Cyclone x2  
  175  14:20  Cyclone  
  175  14:24  Cyclone  
  128  14:34  Cyclone x2, Hellion  
  118  14:42  Hellion x2  
  114  14:49  Hellion x2  
  114  14:52  Hellion  
  118  14:56  Missile Turret  
Tags
 
Add a new tag
Caveats
  • Supply blocks, unpowered buildings, or Contaminate may cause inaccurate times.
  • Supply counts are checked every 10 seconds.